 Dungeon Crawl Stone Soup version 0.28-b1-1-g3c77fb2ed1 (webtiles) character file.

Game seed: 720990099191678144

6 zeram the Sneak (level 1, 0/14 HPs)
             Began as an Octopode Brigand on Jan 29, 2022.
             Slain by a bat (1 damage)
             ... on level 1 of the Dungeon.
             The game lasted 00:00:18 (211 turns).

zeram the Sneak (Octopode Brigand)                   Turns: 211, Time: 00:00:19

Health: 0/14       AC:  1    Str: 10    XL:     1   Next: 90%
Magic:  1/1        EV: 12    Int: 13    God:
Gold:   0          SH:  0    Dex: 13    Spells: 0/0 levels left

rFire   . . .      SeeInvis .   a - +2 dagger
rCold   . . .      Faith    .   (no shield)
rNeg    . . .      Spirit   .   (helmet restricted)
rPois   .          Reflect  .   (no amulet)
rElec   .          Harm     .   (no ring)
rCorr   .          Rampage  .   (no ring)
Will    .....                   (no ring)
Stlth   ++++......              (no ring)
HPRegen 0.04/turn               (no ring)
MPRegen 0.07/turn               (no ring)
                                (no ring)
                                (no ring)

@: no status effects
A: almost no armour, amphibious, 8 rings, camouflage 1, gelatinous body 1,
(nimble swimmer 1), tentacles
a: no special abilities


You were on level 1 of the Dungeon.
You visited 1 branch of the dungeon, and saw 1 of its levels.

Inventory:

Hand Weapons
 a - a +2 dagger (weapon)
Missiles
 b - 8 poisoned darts (quivered)
 c - 2 curare-tipped darts


   Skills:
 + Level 2.0 Fighting
 + Level 2.0 Short Blades
 + Level 2.0 Throwing
 + Level 1.0 Dodging
 + Level 5.9 Stealth


You couldn't memorise any spells.
You didn't know any spells.
Your spell library was empty.

Dungeon Overview and Level Annotations

Branches:
Dungeon (1/15)

Altars:


Innate Abilities, Weirdness & Mutations

You cannot wear most types of armour.
You are amphibious.
You can wear up to eight rings at the same time.
Your skin changes colour to match your surroundings (Stealth+).
Your rubbery body absorbs attacks. (AC +1, EV +1)
((You are camouflaged when in or above water. (Stealth+)))
You have tentacles for arms and can constrict up to eight enemies at once.


Message History

You barely miss the ball python. You grab the ball python.
You squeeze the ball python, but do no damage.
You constrict the ball python.
The ball python bites you but does no damage.
The ball python closely misses you.
The kobold hits you with a +0 short sword.
* * * LOW HITPOINT WARNING * * *
You release your grip on the ball python.
The bat closely misses you.
You closely miss the bat. Your grab misses the bat.
The bat hits you but does no damage. The bat barely misses you.
You closely miss the ball python. You grab the ball python.
You squeeze the ball python.
You kill the ball python!
The bat closely misses you. The kobold barely misses you.
The bat hits you but does no damage.
You barely miss the kobold. You grab the kobold. You squeeze the kobold.
You kill the kobold!
The bat closely misses you. The bat hits you but does no damage.
You hit the bat. Your grab misses the bat.
The bat is severely wounded.
The bat hits you but does no damage.
You closely miss the bat. Your grab misses the bat.
The bat is severely wounded.
The bat misses you.
You start resting.
The bat closely misses you. The bat hits you.
* * * LOW HITPOINT WARNING * * *
You barely miss the bat. Your grab misses the bat.
The bat is severely wounded.
The bat barely misses you. The bat hits you but does no damage.
The bat closely misses you. The bat hits you.
* * * LOW HITPOINT WARNING * * *
The bat misses you. x2
You hit the bat but do no damage. You grab the bat.
The bat is moderately wounded.
You constrict the bat. The bat hits you but does no damage. The bat hits you.
You die...

#############
#.#.#.#.#?#.#.#.#.#.
...........)........
#.#.#.#.#.#.#.#.#.#.
.......b.........
#.#.#.#@#.#.#.#.#
#.#.#.#######
#.#...# #.....#
#######.##.....#
#.......# .....#
##.####### .....#
##..# ....# ##..##
....


You could see a bat.

Vanquished Creatures
  A dart slug (D:1)
  An endoplasm (D:1)
  A kobold (D:1)
  A ball python (D:1)
4 creatures vanquished.

Notes
Turn   | Place    | Note
-------+----------+-------------------------------------------
     0 | D:1      | zeram the Octopode Brigand began the quest for the Orb.
     0 | D:1      | Reached XP level 1. HP: 14/14 MP: 1/1
   211 | D:1      | Slain by a bat

Illustrated notes

Levels and vault maps discovered:
D:1:      roderic_lyre, layout_rooms, shapermc_ecumenical_altar_petra,
          kennysheep_flooded_box, st_stairs_13

Action                   || total
-------------------------++-------
Melee: Dagger            ||    13
       Constrict         ||     5
       Tentacles         ||     4
Armor: Skin              ||     7
Dodge: Dodged            ||    15
